 Dungeon Crawl Stone Soup version 0.30-a0-778-g2ef04afb54 (webtiles) character file.

Game seed: 5681736604488857291

112929 Errthou the Brawler (level 16, -10/161 HPs)
             Began as a Troll Berserker on Feb 15, 2023.
             Was a High Priest of Trog.
             Mangled by a spriggan defender simulacrum (12 damage)
             ... in an ice cave.
             The game lasted 01:54:16 (22427 turns).

Errthou the Brawler (Troll Berserker)              Turns: 22427, Time: 01:54:17

Health: -10/161    AC: 22    Str: 35    XL:     16   Next: 12%
Magic:  15/15      EV:  6    Int:  3    God:    Trog [*****.]
Gold:   824        SH: 25    Dex:  9    Spells: 15/15 levels left

rFire   x . .      SeeInvis .      - Unarmed
rCold   + . .      Faith    .    H - +8 kite shield of Narcissism {Fly rPois Will+ Stlth+}
rNeg    . . .      Spirit   .    Q - +2 acid dragon scales
rPois   +          Reflect  +    J - +2 hat
rElec   .          Harm     .    l - +2 cloak
rCorr   +          Rampage  .    (gloves unavailable)
Will    ++++.                    (boots unavailable)
Stlth   ++                       a - amulet of reflection
HPRegen 2.26/turn                G - ring of ice
MPRegen 0.14/turn                O - +4 ring of protection

@: strong-willed, on berserk cooldown, flying, regenerating, slowed,
constricted, very slow
A: large, unfitting armour, claws 3, regeneration 1, shaggy fur 1, tough skin 1
a: Renounce Religion, Berserk, Trog's Hand, Brothers in Arms


You were in an ice cave.
You worshipped Trog.
Trog was extremely pleased with you.
You visited 4 branches of the dungeon, and saw 23 of its levels.
You also visited: Ice Cave.

You collected 2256 gold pieces.
You spent 1432 gold pieces at shops.

Inventory:

Armour
 d - an orb of light
 l - a +2 cloak (worn)
 H - the +8 kite shield of Narcissism (worn) {Fly rPois Will+ Stlth+}
   (You found it on level 10 of the Dungeon)

   rPois:     It protects you from poison.
   Fly:       It grants you flight.
   Will:      It increases your willpower.
   Stlth:     It makes you more stealthy.
 J - a +2 hat (worn)
 Q - +2 acid dragon scales (worn)
Jewellery
 a - an amulet of reflection (around neck)
 n - a ring of poison resistance
 u - an amulet of the acrobat
 G - a ring of ice (left claw)
 O - a +4 ring of protection (right claw)
 R - a ring of resist corrosion
 T - an amulet of guardian spirit
Wands
 y - a wand of iceblast (12)
 A - a wand of flame (21)
 F - a wand of digging (11)
 K - a wand of light (13)
 P - a wand of mindburst (17) (quivered)
Scrolls
 c - 7 scrolls of blinking
 f - a scroll of torment
 h - 8 scrolls of vulnerability
 m - 2 scrolls of silence {unknown}
 o - 8 scrolls of teleportation
 p - 3 scrolls of poison
 t - a scroll of noise {unknown}
 w - a scroll of acquirement {unknown}
 x - 4 scrolls of fear
 z - 5 scrolls of fog
 B - 3 scrolls of magic mapping
 C - 3 scrolls of immolation
 D - a scroll of enchant weapon {unknown}
 L - 2 scrolls of amnesia
Potions
 b - 2 potions of brilliance
 e - 6 potions of heal wounds
 g - 5 potions of curing
 i - 2 potions of degeneration
 j - 6 potions of might
 k - 6 potions of mutation
 q - a potion of magic
 r - 3 potions of lignification
 s - 6 potions of resistance
 v - a potion of ambrosia
 E - 5 potions of attraction
 I - a potion of cancellation
 M - 3 potions of haste
 S - a potion of flight
 V - a potion of berserk rage


   Skills:
 + Level 10.9 Fighting
 - Level 11.3 Armour
 - Level 2.4 Dodging
 - Level 14.0 Shields
 + Level 18.0 Unarmed Combat


You had 15 spell levels left.
You didn't know any spells.
Your spell library was empty.

Dungeon Overview and Level Annotations

Branches:
Dungeon (15/15)            Temple (1/1) D:5            Lair (5/5) D:10
 Shoals (0/4) Lair:3        Snake (0/4) Lair:3        Slime (0/5) Lair:5
    Orc (2/2) D:11            Elf (0/3) Orc:2        Vaults (0/5) D:13
  IceCv (1/1)
 Depths: D:15

Altars:
Ashenzari
Cheibriados
Dithmenos
Elyvilon
Fedhas
Gozag
Hepliaklqana
Kikubaaqudgha
Makhleb
Nemelex Xobeh
Okawaru
Qazlal
Ru
Sif Muna
Trog
Uskayaw
Vehumet
Wu Jian
Xom
Yredelemnul
Zin
The Shining One
Jiyva

Shops:
D:5 ?   D:10 *   D:12 *   Orc:2 !***(

Annotations:
Lair:5 1 runed translucent door


Innate Abilities, Weirdness & Mutations

You are too large for most types of armour.
You have claws for hands.
Your natural rate of healing is unusually fast.
You are covered in fur. (AC +1)
You have tough skin. (AC +1)


Message History

The anaconda simulacrum barely misses you.
You block the anaconda simulacrum's attack.
A dire elephant simulacrum comes into view.
You feel a strong urge to attack something.
You are no longer berserk.
You are exhausted.
You feel yourself slow down.
You block the anaconda simulacrum's attack. x2
The anaconda simulacrum grabs you.
You block the anaconda simulacrum's attack.
The anaconda simulacrum constricts you.
* * * LOW HITPOINT WARNING * * *
A freezing wraith comes into view.
The anaconda simulacrum's grasp on you weakens, but your attempt to escape fails.
You block the anaconda simulacrum's attack.
The anaconda simulacrum constricts you.
* * * LOW HITPOINT WARNING * * *
You block the spriggan defender simulacrum's attack.
The anaconda simulacrum bites you.
* * * LOW HITPOINT WARNING * * *
The anaconda simulacrum freezes you! You resist.
* * * LOW HITPOINT WARNING * * *
The anaconda simulacrum constricts you.
The spriggan defender simulacrum hits you but does no damage.
You escape the anaconda simulacrum's grasp.
The anaconda simulacrum grabs you.
The anaconda simulacrum bites you but does no damage.
The anaconda simulacrum constricts you.
You block the spriggan defender simulacrum's attack.
There is an ice choked empty arch of ancient stone here.
There is nothing on the other side of the stone arch.
The anaconda simulacrum's grasp on you weakens, but your attempt to escape fails.
You block the anaconda simulacrum's attack.
The anaconda simulacrum constricts you.
* * * LOW HITPOINT WARNING * * *
The spriggan defender simulacrum hits you.
* * * LOW HITPOINT WARNING * * *
The spriggan defender simulacrum freezes you!
You resist.
You die...

##### ##...##
##..∩..##
#.......#
#...@...#
##..ZZ.###### #
##ZZ.###≈≈≈## ...
##...##≈≈≈#.#.....
#..Z##≈≈≈≈≈4......
#..W###≈≈≈##......
##...#°≈≈≈# .....
##....≈≈## ....
##..##≈# #..


You could see a freezing wraith, an anaconda simulacrum, an alligator
simulacrum, 2 dire elephant simulacra and a spriggan defender simulacrum.

Vanquished Creatures
  Rupert (D:13)
  Jorgrun (D:12)
  Gastronok (Lair:1)
  Josephine (Lair:4)
  4 vault guards (D:13)
  A rakshasa (D:15)
  7 hydras
  15 centaur warriors
  Erica (Lair:2)
  3 boulder beetles
  7 two-headed ogres
  11 death yaks
  6 tengu warriors
  2 orc high priests (Orc:2)
  5 skeletal warriors
  Sonja (Lair:1)
  A skyshark (Lair:4)
  2 spriggan simulacra (IceCv)
  3 slime creatures (D:13)
  2 lindwurms (Lair:5)
  3 deep elf pyromancers
  An oklob plant (Lair:2)
  17 ugly things
  9 cyclopes
  5 orc sorcerers (Orc:2)
  2 manticores (D:13)
  12 elephants (Lair:5)
  8 black mambas
  A guardian serpent (Lair:3)
  A water nymph (Lair:3)
  A gargoyle (D:11)
  11 cane toads
  2 torpor snails
  An unseen horror (D:13)
  A kobold demonologist (D:9)
  Psyche (D:12)
  7 rime drakes
  2 freezing wraiths
  3 komodo dragons
  2 anaconda simulacra (IceCv)
  2 polar bears
  4 meliai (D:13)
  10 trolls
  Prince Ribbit (Lair:2)
  20 dream sheep
  27 blink frogs
  3 shadows
  Sigmund (D:2)
  51 yaks
  A vampire (D:13)
  5 wraiths
  7 wyverns
  2 humans (shapeshifter) (D:13)
  6 vampire mosquitoes
  4 basilisks
  Menkaure (D:4)
  2 steam dragons
  An acid dragon (D:12)
  A hydra simulacrum (IceCv)
  28 orc warriors
  18 water moccasins
  A sky beast (D:7)
  A sky beast (shapeshifter) (D:13)
  2 alligator simulacra (IceCv)
  21 wolves
  6 ogres
  15 centaurs
  A phantom (D:5)
  A kobold brigand (D:8)
  8 bullfrogs
  5 necrophages
  A gnoll sergeant (D:11)
  A scorpion (D:7)
  12 wights
  21 killer bees
  5 electric eels
  3 howler monkeys
  4 hounds
  2 gnoll boudas
  3 jellies
  27 orc priests
  Crazy Yiuf (D:2)
  2 iguanas
  49 orc wizards
  18 gnolls
  4 adders
  2 shadow imps
  An ufetubus (D:4)
  A worm (D:2)
  2 dart slugs
  93 orcs
  4 endoplasms
  4 giant cockroaches
  5 goblins
  5 hobgoblins
  4 jackals
  6 kobolds
  A quokka (D:5)
  6 ball pythons
  3 bats (D:1)
  2 frilled lizards (D:1)
  3 rats
  3 bushes
719 creatures vanquished.

Vanquished Creatures (collateral kills)
  A hydra (Lair:4)
1 creature vanquished.

Vanquished Creatures (others)
  A deep elf pyromancer (D:15)
  A boggart (D:13)
  An orc (Orc:2)
  46 fungi
  33 plants
82 creatures vanquished.

Grand Total: 802 creatures vanquished

Notes
Turn   | Place    | Note
-------+----------+-------------------------------------------
     0 | D:1      | Errthou the Troll Berserker began the quest for the Orb.
     0 | D:1      | Reached XP level 1. HP: 22/22 MP: 0/0
   170 | D:1      | Reached XP level 2. HP: 29/29 MP: 1/1
   736 | D:2      | Noticed Sigmund
   742 | D:2      | Killed Sigmund
   743 | D:2      | Reached skill level 5 in Unarmed Combat
   743 | D:2      | Reached XP level 3. HP: 37/37 MP: 2/2
   743 | D:2      | Reached XP level 4. HP: 45/45 MP: 3/3
   743 | D:2      | Reached XP level 5. HP: 53/53 MP: 4/4
   809 | D:2      | Found a snail-covered altar of Cheibriados.
   901 | D:2      | Found a runed translucent door.
   902 | D:2      | Noticed Crazy Yiuf
   979 | D:2      | Killed Crazy Yiuf
  1312 | D:2      | Identified the +1 leather armour of Foolhardiness {rF++ rC+
                  | Stlth-}
  1545 | D:3      | Found an ornate altar of the Wu Jian Council.
  1565 | D:3      | Reached ** piety under Trog
  2083 | D:4      | Reached XP level 6. HP: 31/62 MP: 5/5
  2136 | D:4      | Reached skill level 6 in Unarmed Combat
  2239 | D:4      | Noticed Menkaure
  2251 | D:4      | Killed Menkaure
  2819 | D:4      | Found a sacrificial altar of Ru.
  2871 | D:4      | Found a shadowy altar of Dithmenos.
  2953 | D:5      | Entered Level 5 of the Dungeon
  3027 | D:5      | Found Hyvuclex's Magic Scroll Emporium.
  3032 | D:5      | Bought a scroll of blinking for 90 gold pieces
  3032 | D:5      | Bought a scroll of identify for 24 gold pieces
  3032 | D:5      | Bought a scroll of teleportation for 36 gold pieces
  3032 | D:5      | Bought a scroll of enchant armour for 90 gold pieces
  3032 | D:5      | Bought a scroll of identify for 24 gold pieces
  3048 | D:5      | Reached XP level 7. HP: 70/70 MP: 6/6
  3287 | D:5      | Reached skill level 7 in Unarmed Combat
  3662 | D:5      | Found a staircase to the Ecumenical Temple.
  3671 | Temple   | Entered the Ecumenical Temple
  4131 | D:6      | Identified the +0 robe of Zusat {Regen+ Stlth+}
  4224 | D:6      | Noticed a wyvern
  4228 | D:6      | Killed a wyvern
  4229 | D:6      | Reached skill level 8 in Unarmed Combat
  4277 | D:6      | Reached skill level 5 in Fighting
  4278 | D:6      | Reached *** piety under Trog
  4435 | D:6      | Found a snail-covered altar of Cheibriados.
  4435 | D:6      | Found a hazy altar of Hepliaklqana.
  4689 | D:6      | Reached XP level 8. HP: 80/80 MP: 7/7
  4827 | D:7      | Found an iron altar of Okawaru.
  4827 | D:7      | Found a glowing golden altar of the Shining One.
  4827 | D:7      | Found a basalt altar of Yredelemnul.
  5062 | D:7      | Reached skill level 9 in Unarmed Combat
  5289 | D:7      | Noticed a two-headed ogre
  5304 | D:7      | Killed a two-headed ogre
  5305 | D:7      | Reached skill level 10 in Unarmed Combat
  5305 | D:7      | Reached XP level 9. HP: 89/89 MP: 8/8
  5447 | D:8      | Found a sparkling altar of Nemelex Xobeh.
  5729 | D:8      | Noticed a cyclops
  5748 | D:8      | Killed a cyclops
  5749 | D:8      | Reached skill level 11 in Unarmed Combat
  5804 | D:8      | Found a glowing silver altar of Zin.
  5897 | D:8      | Found a broken altar of Ashenzari.
  5932 | D:8      | Reached **** piety under Trog
  6400 | D:9      | Reached skill level 12 in Unarmed Combat
  6469 | D:9      | Noticed a kobold demonologist
  6477 | D:9      | Killed a kobold demonologist
  6478 | D:9      | Reached XP level 10. HP: 102/102 MP: 9/9
  7065 | D:9      | Reached skill level 13 in Unarmed Combat
  7226 | D:9      | Found a bloodstained altar of Trog.
  7245 | D:10     | Entered Level 10 of the Dungeon
  7606 | D:10     | Found Viam's Assorted Antiques.
  7615 | D:10     | Bought a glowing glass ring for 165 gold pieces
  7650 | D:10     | Identified the +8 kite shield of Narcissism {Fly rPois
                  | Will+ Stlth+}
  7722 | D:10     | Reached ***** piety under Trog
  7900 | D:10     | Found a staircase to the Lair.
  8010 | D:10     | Reached skill level 14 in Unarmed Combat
  8142 | Lair:1   | Entered Level 1 of the Lair of Beasts
  8174 | D:11     | Reached skill level 1 in Shields
  8175 | D:11     | Reached skill level 1 in Armour
  8175 | D:11     | Reached XP level 11. HP: 113/113 MP: 10/10
  8421 | D:11     | Found a staircase to the Orcish Mines.
  8666 | D:11     | Noticed a two-headed ogre
  8673 | D:11     | Killed a two-headed ogre
  8835 | D:11     | Noticed a green ugly thing
  8843 | D:11     | Killed a green ugly thing
  9130 | D:11     | Noticed a two-headed ogre
  9135 | D:11     | Killed a two-headed ogre
  9427 | D:12     | Noticed a two-headed ogre
  9433 | D:12     | Killed a two-headed ogre
  9552 | D:12     | Noticed a skeletal warrior
  9553 | D:12     | Noticed a skeletal warrior
  9553 | D:12     | Noticed a skeletal warrior
  9633 | Lair:1   | Noticed Sonja
  9738 | Lair:1   | Killed Sonja
  9886 | Lair:1   | Reached skill level 5 in Shields
  9988 | Lair:1   | Reached skill level 5 in Armour
 10087 | Lair:1   | Reached XP level 12. HP: 122/122 MP: 11/11
 10161 | Lair:1   | Noticed Gastronok
 10173 | Lair:1   | Killed Gastronok
 10420 | Lair:1   | Received a gift from Trog
 11057 | Lair:2   | Noticed a seven-headed hydra
 11066 | Lair:2   | Killed an eight-headed hydra
 11213 | Lair:2   | Noticed Erica
 11239 | Lair:2   | Killed Erica
 11948 | Lair:2   | Noticed Prince Ribbit
 11953 | Lair:2   | Killed Prince Ribbit
 12224 | Lair:3   | Found a staircase to the Snake Pit.
 12230 | Lair:3   | Reached XP level 13. HP: 118/128 MP: 12/12
 12582 | Lair:3   | Received a gift from Trog
 13025 | Lair:3   | Reached skill level 10 in Shields
 13652 | Lair:4   | Noticed Josephine
 13666 | Lair:4   | Killed Josephine
 14038 | Lair:5   | Entered Level 5 of the Lair of Beasts
 14341 | Lair:3   | HP: 6/128 [poisoned by a black mamba]
 15065 | Orc:1    | Entered Level 1 of the Orcish Mines
 15331 | Orc:1    | Reached XP level 14. HP: 137/137 MP: 13/13
 15590 | Orc:2    | Entered Level 2 of the Orcish Mines
 15590 | Orc:2    | Found Moirgh's Weapon Emporium.
 15617 | Orc:2    | Found a staircase to the Elven Halls.
 15889 | Orc:2    | Received a gift from Trog
 16748 | Orc:2    | Found Yppoliac's Distillery.
 16748 | Orc:2    | Found Pyz Riho's Assorted Antiques.
 16748 | Orc:2    | Found Lelemelo's General Store.
 16751 | Orc:2    | Found Awithrujy's General Store.
 16759 | Orc:2    | Bought a potion of heal wounds for 70 gold pieces
 17672 | Lair:4   | Reached skill level 10 in Armour
 17757 | Lair:5   | Found a runed translucent door.
 17758 | Lair:5   | Found a viscous altar of Jiyva.
 17763 | Lair:5   | Found a staircase to the Slime Pits.
 18002 | Lair:5   | Received a gift from Trog
 18923 | D:12     | Reached skill level 15 in Unarmed Combat
 19215 | D:12     | Noticed Psyche
 19218 | D:12     | Killed Psyche
 19244 | D:12     | Found Vebbiq's Island Escapes.
 19266 | D:12     | Bought a scroll of blinking for 127 gold pieces
 19266 | D:12     | Bought a scroll of blinking for 127 gold pieces
 19266 | D:12     | Bought a wand of digging (5) for 357 gold pieces
 19266 | D:12     | Bought a scroll of blinking for 127 gold pieces
 19266 | D:12     | Bought a scroll of blinking for 127 gold pieces
 19266 | D:12     | Bought a scroll of fog for 68 gold pieces
 19426 | D:12     | Identified the +1 robe "Faen" {Drain rC+++ Str+3 Slay-3}
 19475 | D:12     | Identified the +3 falchion "Demonbane" {vamp, rC+ Str+6}
 19523 | D:12     | Noticed Jorgrun
 19534 | D:12     | Killed Jorgrun
 19743 | D:13     | Reached XP level 15. HP: 145/145 MP: 14/14
 19838 | D:13     | Noticed Rupert
 19959 | D:13     | Reached skill level 16 in Unarmed Combat
 20052 | D:13     | Found a hide-covered altar of Uskayaw.
 20343 | D:13     | Found the +6 Majin-Bo {spellvamp, MP+6 Int+6}
 20344 | D:13     | Found the +27 heavy crossbow "Sniper" {heavy, Acc+∞ SInv}
 20528 | D:13     | Killed Rupert
 20604 | D:13     | Reached skill level 17 in Unarmed Combat
 20606 | D:13     | You are sucked into a shaft and drop 1 floor!
 20792 | D:13     | Found a gate to the Vaults.
 20946 | D:13     | Reached skill level 10 in Fighting
 21437 | D:14     | Received a gift from Trog
 22043 | D:15     | Entered Level 15 of the Dungeon
 22061 | D:14     | Reached XP level 16. HP: 138/161 MP: 15/15
 22247 | D:15     | Found a frozen archway.
 22256 | IceCv    | Entered an ice cave
 22261 | IceCv    | Reached skill level 18 in Unarmed Combat
 22425 | IceCv    | HP: 3/161 [anaconda simulacrum (7)]
 22427 | IceCv    | Mangled by a spriggan defender simulacrum

Illustrated notes

Levels and vault maps discovered:
D:1:      tarquinn_simple_flora_water_f, layout_rooms, serial_forest,
          infiniplex_forest_lined_corner, infiniplex_forest_clump_C,
          infiniplex_forest_clump_large, infiniplex_forest_end_2,
          infiniplex_forest_lined_room_2, infiniplex_forest_clump_large,
          infiniplex_forest_join, infiniplex_forest_clump_small
D:2:      layout_basic, basic_altar, lemuel_flame_loot_1,
          uniq_crazy_yiuf_cottage, uniq_sigmund
D:3:      layout_rooms, general_overflow_altar, hangedman_abyss_or_decor_stabs
D:4:      layout_basic, nicolae_dithmenos_the_darkroom,
          nicolae_ru_path_of_blood, uniq_menkaure
D:5:      layout_basic, minmay_temple_entry_gardened_gates, serial_shops,
          nicolae_shop_hallway_plus
D:6:      layout_loops_ring, nicolae_overflow_two_pavilions
D:7:      kennysheep_big_flooded_room, layout_rooms,
          chequers_temple_overflow_statue_of_worship
D:8:      layout_loops_ring, evilmike_ruin_ashenzari,
          nemelex_diamond_rough_becter, mainiacjoe_overflow_chevrons
D:9:      layout_loops_ring, mainiacjoe_overflow_alcove_2
D:10:     layout_big_octagon, erik_lair_island, serial_shops,
          nicolae_shop_overgrown_old_shop
D:11:     layout_long_grid, erik_orc_2
D:12:     layout_basic, nicolae_island_escapes, uniq_jorgrun, uniq_psyche
D:13:     minmay_the_grid_octo_tiled_octocenter [minmay_the_grid_octo_focus,
          minmay_the_grid_octo_77, minmay_the_grid_octo_horde,
          minmay_the_grid_octo_clover,
          minmay_the_grid_octo_prize_ultimate_mussel_roller,
          minmay_the_grid_square_5x5_fat_x,
          minmay_the_grid_square_5x5_minivault,
          minmay_the_grid_square_5x5_forky, minmay_the_grid_square_5x5_lines],
          layout_rooms, lightli_vaults_fourway_checkpoint,
          eat_drink_and_be_merry_uskayaw, uniq_rupert
D:14:     layout_loops_ring, grunt_decor_mini_mirrors
D:15:     grunt_enter_depths_hoard, layout_small_grid, serial_bayou,
          serial_bayou_ford_a, serial_bayou_shore_b, serial_bayou_shore_a,
          serial_bayou_pond_e, portal_ice_cave_entry_pillars_1,
          minmay_misc_feat_x, uniq_roxanne
Temple:   eino_temple_lava
Lair:1:   layout_loops_ring, nicolae_volcano_entry_two_sided, uniq_gastronok,
          uniq_sonja
Lair:2:   layout_cave_pods, minmay_lair_oklob_bushes, uniq_erica,
          uniq_prince_ribbit2
Lair:3:   layout_cave_pods, nicolae_shoals_entry_flooding,
          minmay_snake_entry_spellcaster
Lair:4:   layout_misc_corridors, roderic_carrion_pond, uniq_josephine
Lair:5:   hangedman_lair_in_review, layout_regular_city, slime_entry_2,
          serial_bayou_crossing, infiniplex_staircase_pool
Orc:1:    layout_caves
Orc:2:    st_orc_mages, layout_diamond_mine, serial_shops, shop
IceCv:    ice_cave_small_necro

Skill      XL: |  1  2  3  4  5  6  7  8  9 10 11 12 13 14 15 16 |
---------------+-------------------------------------------------+-----
Fighting       | 3 4 5 6 7 8 10 | 10.9
Unarmed Combat | 5 6 8 10 12 14 15 17 18 | 18.0
Shields        | 1 5 9 13 14 | 14.0
Armour         | 1 5 8 9 11 | 11.3
Dodging        | |  2.4

Action                     |  1- 3 |  4- 6 |  7- 9 | 10-12 | 13-15 | 16-18 || total
---------------------------+-------+-------+-------+-------+-------+-------++-------
  Melee: Unarmed           |   105 |    80 |   195 |   568 |  1308 |    62 ||  2318
 Invoke: Berserk           |     1 |     5 |     5 |    13 |    20 |     2 ||    46
         Trog's Hand       |       |       |       |     4 |    21 |     2 ||    27
         Brothers in Arms  |       |       |       |       |     1 |       ||     1
  Evoke: Wand              |       |       |       |     5 |    16 |       ||    21
    Use: Scroll            |       |     8 |       |     8 |    18 |       ||    34
         Potion            |       |       |       |     1 |     1 |       ||     2
   Stab: Distracted        |       |       |     1 |       |       |       ||     1
         Sleeping          |       |       |       |       |     2 |       ||     2
 Armour: Animal skin       |    12 |    23 |    24 |       |       |       ||    59
         Steam dragon scal |       |       |     9 |    17 |       |       ||    26
         Troll leather arm |       |       |       |    24 |       |       ||    24
         Acid dragon scale |       |       |       |    76 |   340 |    30 ||   446
  Dodge: Dodged            |    18 |    35 |    53 |   121 |   174 |    14 ||   415
  Block: Orb               |       |       |    10 |    18 |       |       ||    28
         Kite shield       |       |       |       |   386 |  1306 |   108 ||  1800
         Reflection        |       |       |       |     9 |   106 |     6 ||   121

Table legend: (Time is in decaauts)
 A = Elapsed time spent in this place.
 B = Non-inter-level travel time spent in this place.
 C = Inter-level travel time spent in this place.
 D = Time resting spent in this place.
 E = Time spent auto-exploring this place.
 F = Levels seen in this place.
 G = Mean time per level.
                   A        B        C        D        E       F      G
               +--------+--------+--------+--------+--------+-----+--------+
         Total |  22449 |  21213 |   1236 |   3312 |  10243 |  24 |  935.4 |
       Dungeon |  13086 |  12420 |    666 |   1567 |   6584 |  15 |  872.4 |
        Temple |     75 |     70 |      5 |      0 |     66 |   1 |   75.0 |
          Lair |   7332 |   6824 |    508 |   1548 |   3213 |   5 | 1466.4 |
  Orcish Mines |   1794 |   1738 |     56 |     96 |    380 |   2 |  897.0 |
      Ice Cave |    160 |    160 |      0 |    100 |      0 |   1 |  160.0 |
               +--------+--------+--------+--------+--------+-----+--------+

Top non-repeatable levels by time:
  Lair:5: 1829 daAuts
  Lair:3: 1522 daAuts
  Lair:4: 1475 daAuts
    D:13: 1413 daAuts
    D:11: 1373 daAuts
  Lair:2: 1323 daAuts
   Orc:2: 1286 daAuts
  Lair:1: 1181 daAuts
    D:12: 1098 daAuts
     D:5: 1092 daAuts
     D:8: 961 daAuts
     D:9: 912 daAuts
    D:10: 901 daAuts
     D:4: 888 daAuts
    D:14: 839 daAuts
